 Dungeon Crawl Stone Soup version 0.18.1-48-g4cf74bf (console) character file.

111207 Kloppie the Phalangite (level 16, -5/207 HPs)
             Began as a Merfolk Berserker on Aug 30, 2016.
             Was a High Priest of Trog.
             Slain by a harpy (8 damage)
             ... on level 2 of the Shoals.
             The game lasted 00:55:38 (32221 turns).

Kloppie the Phalangite (Merfolk Berserker)         Turns: 32221, Time: 00:55:39

Health: -5/207     AC: 22    Str: 22    XL:     16   Next: 57%
Magic:  16/16      EV: 23    Int: 13    God:    Trog [*****.]
Gold:   2067       SH:  0    Dex: 20    Spells: 0 memorised, 15 levels left

rFire  + + +     SeeInvis .     b - +4 bardiche (protect)
rCold  + . .     Gourm    .     K - +3 scale mail {MR+}
rNeg   . . .     Faith    .     (shield currently unavailable)
rPois  .         Spirit   .     A - +2 helmet
rElec  .         Dismiss  .     l - -1 cloak of Miutaf {*Drain rF+++ Int+6}
rCorr  .         Reflect  .     (no gloves)
SustAt .         Harm     .     d - +2 pair of boots {Fly}
MR     ++++.                    (no amulet)
Stlth  ..........               B - +2 ring of slaying
                                G - ring of protection from cold

@: berserking, lethally poisoned (-5 -> -26), regenerating, very quick,
incredibly resistant to hostile enchantments, extremely unstealthy
A: change form in water, swift swim
a: Berserk, Trog's Hand, Brothers in Arms, Burn Spellbooks, Renounce Religion,
Evoke Flight


You were on level 2 of the Shoals.
You worshipped Trog.
Trog was extremely pleased with you.
You were hungry.

You visited 4 branches of the dungeon, and saw 26 of its levels.
You also visited: Bailey, Ice Cave and Volcano.

You collected 3137 gold pieces.
You spent 1070 gold pieces at shops.

Inventory:

Hand Weapons
 a - a +0 trident of flaming
 b - a +4 bardiche of protection (weapon)
Missiles
 O - 6 steel javelins (quivered)
Armour
 d - a +2 pair of boots of flying (worn)
 l - the -1 cloak of Miutaf (worn) {*Drain rF+++ Int+6}
   (You bought it in a shop on level 2 of the Orcish Mines)

   It affects your intelligence (+6).
   It renders you almost immune to fire.
   It causes draining when unequipped.
 q - a +4 ring mail of cold resistance
 A - a +2 helmet (worn)
 K - a +3 scale mail of magic resistance (worn)
Jewellery
 y - an uncursed ring of see invisible
 B - a +2 ring of slaying (right hand)
 G - a ring of protection from cold (left hand)
 R - an uncursed ring of positive energy
Wands
 r - a wand of paralysis (24/24)
 I - a wand of teleportation (7/9)
 J - a wand of digging (13/24)
Scrolls
 e - a scroll of acquirement
 f - 5 scrolls of enchant weapon
 h - 4 scrolls of recharging
 j - 4 scrolls of teleportation
 p - 2 scrolls of enchant armour
 s - a scroll of magic mapping
 x - 3 scrolls of blinking
 z - a scroll of fear
 C - 6 scrolls of identify
 D - 6 scrolls of remove curse
 T - 2 scrolls of fog
Potions
 i - 5 potions of heal wounds
 m - 2 potions of haste
 o - 5 potions of agility
 t - 8 potions of curing
 v - 3 potions of might
 w - 2 potions of invisibility
 H - a potion of cure mutation
 S - 4 potions of resistance
Comestibles
 c - 17 bread rations
 g - 5 beef jerkies
 k - 5 meat rations
 n - 5 chunks of flesh
 F - 3 slices of pizza
 L - 6 royal jellies
 U - 7 fruits


   Skills:
 - Level 16.3 Fighting
 + Level 24.2 Polearms
 - Level 7.1 Armour
 + Level 16.7 Dodging


You had 15 spell levels left.
You didn't know any spells.

Dungeon Overview and Level Annotations

Branches:
Dungeon (14/15)            Temple (0/1) D:7            Lair (8/8) D:9
 Shoals (2/4) Lair:5       Spider (0/4) Lair:6        Slime (0/6) Lair:7
    Orc (2/2) D:9             Elf (0/3) Orc:2        Vaults (0/5) D:14

Altars:
Cheibriados
Elyvilon
Fedhas
Kikubaaqudgha
Makhleb
Pakellas
Sif Muna
Trog
Vehumet
Xom
Yredelemnul
Zin
The Shining One
Jiyva

Shops:
D:5 :   D:6 ?   Orc:2 [[*!

Portals:
Trove: D:11 (give 4 scrolls of blinking)


Message History

Things that are here:
a halberd x2; a merfolk corpse You are too berserk!
You barely miss the merfolk impaler.
* * * LOW HITPOINT WARNING * * *
You feel sick.
The harpy screeches!
The harpy barely misses you. The harpy completely misses you.
The harpy claws you but does no damage. The harpy misses you.
The merfolk impaler hits you with a trident.
* * * LOW HITPOINT WARNING * * *
The harpy misses you. The harpy claws you but does no damage.
The merfolk impaler hits you with a trident of venom.
* * * LOW HITPOINT WARNING * * *
You completely miss the merfolk impaler.
* * * LOW HITPOINT WARNING * * *
You feel very sick.
The harpy screeches!
The harpy claws you!
You die...

≈≈≈≈≈≈≈≈≈≈≈≈..#......≈≈≈≈#≈≈≈≈
≈≈≈≈≈≈≈...............≈≈≈≈≈≈≈≈≈
≈≈≈≈≈≈≈................≈≈≈≈≈≈≈≈
≈≈≈≈≈.........#........≈≈#≈≈≈≈≈
≈≈≈≈≈.........#........≈≈#(≈≈≈≈
≈≈≈≈≈.........#.......≈≈≈#..≈≈≈
≈≈≈≈≈≈........#).....≈≈≈≈#.≈≈≈≈
≈≈≈≈≈........m.H.....≈≈≈≈≈≈≈≈≈≈
≈≈≈≈≈≈...(...m@H....≈≈≈≈≈≈≈≈≈≈≈
≈≈≈≈≈.........#HH...≈≈≈≈≈#≈≈≈≈≈
≈≈≈≈≈≈....$...##..####≈≈##...≈≈
≈≈≈≈≈≈≈≈......m......≈≈≈≈......
≈≈≈≈≈≈≈..................<....
≈≈≈≈≈≈.......................
≈≈≈≈≈≈≈.>....................
≈≈≈≈≈≈≈≈.....................
≈≈≈≈≈≈≈≈≈....................


You could see 2 merfolk impalers and 4 harpies.

Vanquished Creatures
  An orc warlord (Orc:2)
  A stone giant (Orc:2)
  A merfolk impaler (Shoals:2)
  3 vault guards (D:14)
  2 ice dragons (IceCv)
  Harold (Lair:2)
  Erica (D:10)
  5 hydras
  5 ogre magi
  Nergalle (Lair:3)
  A tengu warrior (D:14)
  5 sea snakes
  2 hill giants (D:14)
  An unseen horror (D:12)
  A lindwurm (Lair:7)
  2 orc knights
  7 deep elf magi
  5 harpies
  A wizard (D:14)
  3 necromancers
  4 orc sorcerers
  3 ugly things
  3 manticores
  A wolf spider zombie (D:14)
  4 cyclopes
  2 griffons
  14 elephants
  Joseph (D:10)
  The ghost of ErikD the Covered, a novice HOFi of Beogh (D:6)
  7 black mambas
  2 ice statues (IceCv)
  2 sirens (Shoals:2)
  3 centaur skeletons
  22 spiny frogs
  2 kobold demonologists
  6 komodo dragons
  12 rime drakes
  A tengu conjurer (D:14)
  3 polar bears
  7 trolls
  5 merfolk
  A wind drake (Shoals:2)
  15 two-headed ogres
  9 slime creatures (D:14)
  16 blink frogs
  4 snapping turtles
  2 giant leeches (Lair:8)
  A centaur simulacrum (D:14)
  2 redbacks (Lair:6)
  A redback (shapeshifter) (D:14)
  A wraith (D:14)
  A vampire (D:14)
  13 wyverns
  8 basilisks
  A hog (Volcano)
  15 humans (D:14)
  56 yaks
  Grum (D:10)
  3 hungry ghosts
  2 steam dragons
  16 hippogriffs
  7 vampire mosquitoes (Lair:8)
  A mottled dragon (D:11)
  2 soldier ants (D:9)
  2 wargs
  13 water moccasins
  2 hell hounds (D:9)
  11 porcupines
  18 ice beasts
  2 sky beasts
  4 phantoms
  17 orc warriors
  5 wasps
  25 wolves
  36 ogres
  6 centaurs
  6 big kobolds
  19 crocodiles
  37 giant frogs
  2 wyvern skeletons
  3 scorpions
  19 killer bees
  3 howler monkeys (D:10)
  7 electric eels
  6 crimson imps
  A wasp zombie (D:13)
  2 jellies
  A giant frog zombie (D:9)
  5 orc priests
  2 centaur zombies
  A quasit (D:11)
  3 giant frog skeletons
  6 hounds
  A gnoll shaman (D:11)
  Jessica (D:2)
  9 iguanas
  27 orc wizards
  12 worker ants
  Terence (D:3)
  5 yak simulacra (Lair:3)
  11 sheep
  A polar bear simulacrum (Lair:3)
  3 wolf simulacra (Lair:3)
  A hound skeleton (D:9)
  A hound zombie (D:8)
  2 worker ant zombies
  4 gnolls (D:3)
  A howler monkey skeleton (D:6)
  5 adders
  63 river rats
  5 shadow imps
  A white imp (D:8)
  2 ufetubi (D:14)
  4 worms
  A dart slug (D:2)
  A giant gecko (D:1)
  71 orcs
  7 giant cockroaches
  5 goblins
  6 hobgoblins
  15 jackals
  16 kobolds
  6 quokkas
  3 ball pythons
  4 bats
  A giant cockroach zombie (D:6)
  A giant newt (D:3)
  2 goblin skeletons (D:8)
  2 goblin zombies (D:8)
  2 hobgoblin zombies (D:8)
  A jackal skeleton (D:6)
  2 kobold skeletons (D:8)
  A kobold zombie (D:8)
  3 orc skeletons (D:8)
  10 rats
  2 river rat simulacra (Lair:3)
  A fungus (Lair:8)
919 creatures vanquished.

Vanquished Creatures (collateral kills)
  Rupert (Lair:5)
  A vault guard (D:14)
  2 hydras (Lair:5)
  2 necromancers (D:14)
  2 hippogriffs (Lair:5)
  An orc warrior (Orc:2)
  A giant frog (Lair:8)
  An electric eel (Lair:8)
  3 orcs (Orc:2)
14 creatures vanquished.

Vanquished Creatures (others)
  2 two-headed ogres
  2 hogs (Volcano)
  An ogre (Orc:2)
  An orc priest (Orc:1)
  A hound skeleton (D:9)
  2 river rats (Lair:4)
  19 fungi
  14 plants
42 creatures vanquished.

Grand Total: 975 creatures vanquished

Notes
Turn   | Place    | Note
--------------------------------------------------------------
     0 | D:1      | Kloppie the Merfolk Berserker began the quest for the Orb.
     0 | D:1      | Reached XP level 1. HP: 18/18 MP: 1/1
    34 | D:1      | Reached XP level 2. HP: 24/24 MP: 2/2
    94 | D:1      | Reached skill level 5 in Polearms
   317 | D:1      | Reached ** piety under Trog
   369 | D:1      | Reached XP level 3. HP: 27/30 MP: 3/3
   738 | D:2      | Noticed Jessica
   752 | D:2      | Killed Jessica
   752 | D:2      | Reached XP level 4. HP: 20/37 MP: 4/4
   947 | D:2      | Reached skill level 6 in Polearms
  1235 | D:2      | Found a burning altar of Makhleb.
  1236 | D:2      | Found a snail-covered altar of Cheibriados.
  1238 | D:2      | Found a glowing silver altar of Zin.
  1331 | D:3      | Noticed Terence
  1356 | D:3      | Killed Terence
  1543 | D:3      | Reached XP level 5. HP: 39/43 MP: 5/5
  1762 | D:3      | Reached skill level 5 in Fighting
  1814 | D:3      | Found an oddly glowing altar of Pakellas.
  2204 | D:3      | Found an ancient bone altar of Kikubaaqudgha.
  2204 | D:3      | Found a white marble altar of Elyvilon.
  2222 | D:3      | Found a deep blue altar of Sif Muna.
  2480 | D:3      | Reached *** piety under Trog
  2480 | D:3      | Reached skill level 7 in Polearms
  2761 | D:4      | Reached XP level 6. HP: 48/51 MP: 6/6
  3293 | D:4      | Found a bloodstained altar of Trog.
  3418 | D:5      | Entered Level 5 of the Dungeon
  3429 | D:5      | Reached skill level 8 in Polearms
  3480 | D:5      | Noticed an orc warrior
  3915 | D:4      | Killed an orc warrior
  3915 | D:4      | Reached XP level 7. HP: 44/59 MP: 7/7
  4037 | D:5      | Found Qaizid's Book Boutique.
  4247 | D:5      | Reached skill level 9 in Polearms
  4501 | D:5      | Reached XP level 8. HP: 26/68 MP: 8/8
  4523 | D:5      | Found a shimmering altar of Xom.
  4538 | D:5      | Reached skill level 10 in Polearms
  5145 | D:5      | Found a basalt altar of Yredelemnul.
  5404 | D:5      | Reached skill level 11 in Polearms
  5923 | D:6      | Got a steaming robe
  5934 | D:6      | Identified the +1 robe of Edoq Uka {rPois Int+4} (You found it on level 6 of the Dungeon)
  6024 | D:6      | Noticed ErikD's ghost (novice HOFi)
  6038 | D:6      | Killed ErikD's ghost
  6038 | D:6      | Reached XP level 9. HP: 77/77 MP: 9/9
  6076 | D:6      | Found Baowuch's Magic Scroll Shoppe.
  6093 | D:6      | Bought a scroll of teleportation for 42 gold pieces
  6093 | D:6      | Bought a scroll of remove curse for 42 gold pieces
  6093 | D:6      | Bought a scroll of enchant armour for 105 gold pieces
  6093 | D:6      | Bought a scroll of enchant weapon for 105 gold pieces
  6232 | D:7      | Reached skill level 12 in Polearms
  6244 | D:7      | Reached skill level 10 in Fighting
  6365 | D:7      | Found a flagged portal.
  6380 | Bailey   | Entered a bailey
  6380 | Bailey   | Noticed an orc knight
  6896 | D:7      | Reached skill level 13 in Polearms
  6900 | D:7      | Found a staircase to the Ecumenical Temple.
  7371 | D:8      | Noticed a two-headed ogre
  7400 | D:7      | Reached skill level 5 in Dodging
  7449 | D:8      | Killed a two-headed ogre
  7504 | D:8      | Reached XP level 10. HP: 71/85 MP: 10/10
  7723 | D:8      | Reached **** piety under Trog
  7801 | D:8      | Reached skill level 14 in Polearms
  7995 | D:8      | Found a glowing golden altar of the Shining One.
  8691 | D:9      | Found a staircase to the Orcish Mines.
  8980 | D:9      | Identified a scroll of acquirement
  9066 | D:9      | Found a staircase to the Lair.
  9128 | D:9      | Found a radiant altar of Vehumet.
  9420 | D:9      | Reached skill level 15 in Polearms
  9752 | D:9      | HP: 4/85 [iguana (4)]
  9757 | D:9      | HP: 3/85 [iguana (6)]
 10242 | D:9      | Reached skill level 10 in Dodging
 10253 | D:9      | Reached XP level 11. HP: 64/91 MP: 11/11
 10483 | D:9      | Got a scorched ring mail
 10496 | D:9      | Reached skill level 16 in Polearms
 10502 | D:9      | Identified the cursed +1 ring mail "Ceerimm" {rF+} (You found it on level 9 of the Dungeon)
 10521 | D:9      | Found a blossoming altar of Fedhas.
 10816 | Lair:1   | Entered Level 1 of the Lair of Beasts
 10836 | Lair:1   | Received a gift from Trog
 11259 | Lair:1   | Noticed a six-headed hydra
 11371 | Lair:1   | Killed a seven-headed hydra
 13222 | Lair:2   | Reached skill level 5 in Armour
 13259 | Lair:2   | Reached ***** piety under Trog
 13618 | Lair:2   | Noticed Harold
 13639 | Lair:2   | Killed Harold
 13639 | Lair:2   | Reached XP level 12. HP: 97/97 MP: 12/12
 14010 | Lair:2   | Received a gift from Trog
 15053 | Lair:3   | Noticed Nergalle
 15094 | Lair:3   | Killed Nergalle
 16639 | Lair:4   | Reached skill level 17 in Polearms
 17589 | Lair:5   | Reached XP level 13. HP: 80/108 MP: 13/13
 17594 | Lair:5   | Received a gift from Trog
 17627 | Lair:5   | Noticed Rupert
 17633 | Lair:5   | Killed Rupert
 17732 | Lair:5   | Reached skill level 18 in Polearms
 18837 | Lair:5   | Reached skill level 19 in Polearms
 18849 | Lair:5   | Found a staircase to the Shoals.
 19161 | Lair:6   | Found a hole to the Spider Nest.
 19504 | Lair:6   | Received a gift from Trog
 20238 | Lair:7   | Found a dark tunnel.
 20257 | Volcano  | Entered a volcano
 20701 | Lair:7   | Reached XP level 14. HP: 104/120 MP: 4/14
 21050 | Lair:7   | Found a staircase to the Slime Pits.
 21050 | Lair:7   | Found a viscous altar of Jiyva.
 21095 | Lair:7   | Reached skill level 20 in Polearms
 21607 | Lair:7   | Received a gift from Trog
 21914 | Lair:8   | Entered Level 8 of the Lair of Beasts
 22043 | Lair:8   | Reached skill level 15 in Fighting
 22363 | Orc:1    | Entered Level 1 of the Orcish Mines
 22876 | Orc:2    | Entered Level 2 of the Orcish Mines
 23182 | Orc:2    | Received a gift from Trog
 23211 | Orc:2    | Found a labyrinth entrance.
 23226 | Orc:1    | Reached skill level 21 in Polearms
 23602 | Orc:2    | Found a staircase to the Elven Halls.
 23676 | Orc:2    | Found Coragum's Antique Armour Shop.
 23676 | Orc:2    | Found Tonul's General Store.
 23676 | Orc:2    | Found Geolet's Armour Shoppe.
 23676 | Orc:2    | Found Pisheuza's Distillery.
 23811 | Orc:2    | Noticed a stone giant
 23824 | Orc:2    | Killed a stone giant
 23877 | Orc:2    | Noticed an orc warlord
 23897 | Orc:2    | Killed an orc warlord
 24139 | Orc:2    | Bought a +0 pair of boots of flying for 126 gold pieces
 24140 | Orc:2    | Bought the cursed -1 cloak of Miutaf {*Drain rF+++ Int+6} for 546 gold pieces
 24166 | Orc:2    | Bought a shiny ring mail for 104 gold pieces
 24391 | D:10     | Entered Level 10 of the Dungeon
 24412 | D:10     | Noticed Joseph
 24426 | D:10     | Killed Joseph
 24432 | D:10     | Noticed Erica
 24443 | D:10     | Killed Erica
 24443 | D:10     | Reached XP level 15. HP: 104/131 MP: 15/15
 24622 | D:10     | Noticed Grum
 24634 | D:10     | Killed Grum
 25119 | D:11     | Received a gift from Trog
 25133 | D:11     | Got a dazzling arbalest {god gift}
 25401 | D:11     | Found a portal to a secret trove of treasure.
 26079 | D:12     | Reached ****** piety under Trog
 26218 | D:12     | Reached skill level 22 in Polearms
 26632 | D:13     | Received a gift from Trog
 27287 | D:14     | Found a frozen archway.
 27295 | IceCv    | Entered an ice cave
 27304 | IceCv    | Identified the +13 arbalest of the Evil Eye {velocity, rPois rC+ Str+3} (Trog gifted it to you on level 11 of the Dungeon)
 28134 | D:14     | Received a gift from Trog
 28498 | D:14     | Reached skill level 23 in Polearms
 28869 | D:14     | Reached skill level 15 in Dodging
 29001 | D:14     | Found a gate to the Vaults.
 29024 | D:14     | Reached XP level 16. HP: 127/138 MP: 16/16
 29618 | Lair:8   | Received a gift from Trog
 30529 | Lair:8   | Received a gift from Trog
 31108 | Shoals:1 | Entered Level 1 of the Shoals
 31555 | Shoals:2 | Reached skill level 24 in Polearms
 32219 | Shoals:2 | HP: 10/207 [poisoned by a merfolk impaler]
 32221 | Shoals:2 | HP: 3/207 [poisoned by a merfolk impaler]
 32221 | Shoals:2 | Slain by a harpy

Skill      XL: |  1  2  3  4  5  6  7  8  9 10 11 12 13 14 15 16 |
---------------+-------------------------------------------------+-----
Polearms       | 5 6 7 8 9 11 13 15 16 17 19 21 23 24 | 24.2
Fighting       | 4 5 6 7 9 10 12 14 16 | 16.3
Dodging        | 6 10 11 12 15 16 | 16.7
Armour         | 6 7 |  7.1

Action                   |  1- 3 |  4- 6 |  7- 9 | 10-12 | 13-15 | 16-18 || total
-------------------------+-------+-------+-------+-------+-------+-------++-------
Melee: Spear             |   133 |   226 |       |       |       |       ||   359
       Trident           |       |    48 |   365 |   184 |    38 |     9 ||   644
       Halberd           |       |       |       |   904 |     5 |       ||   909
       Tailslap          |       |       |       |    14 |     6 |     2 ||    22
       Glaive            |       |       |       |       |  1390 |       ||  1390
       Bardiche          |       |       |       |       |   180 |   342 ||   522
Throw: Javelin           |       |       |       |     3 |       |       ||     3
Invok: Berserk           |       |     4 |     4 |    14 |    10 |     3 ||    35
       Trog's Hand       |       |     2 |     7 |    11 |    12 |     3 ||    35
       Brothers in Arms  |       |       |       |       |     4 |     2 ||     6
 Abil: Stop Flying       |       |       |       |       |     1 |       ||     1
Evoke: Wand              |       |       |     1 |       |       |       ||     1
  Use: Scroll            |       |       |     8 |    16 |    17 |     1 ||    42
       Potion            |       |       |       |       |     2 |       ||     2
 Stab: Paralysed         |       |       |     5 |       |       |       ||     5
       Sleeping          |       |       |       |     7 |     3 |       ||    10
       Distracted        |       |       |       |     1 |     2 |       ||     3
       Confused          |       |       |       |       |     1 |       ||     1
  Eat: Chunk             |       |    13 |     6 |    34 |    44 |    12 ||   109
       Meat ration       |       |       |     3 |     2 |       |       ||     5
       Royal jelly       |       |       |       |     1 |     3 |     1 ||     5
       Fruit             |       |       |       |     1 |       |       ||     1
       Beef jerky        |       |       |       |       |     1 |       ||     1
Armor: Ring mail         |    19 |    33 |       |   140 |   355 |    73 ||   620
       Animal skin       |     2 |       |       |       |       |       ||     2
       Scale mail        |       |    38 |    63 |       |       |    64 ||   165
       Robe              |       |       |    11 |    30 |       |       ||    41
Dodge: Dodged            |    73 |   122 |   110 |   668 |  1273 |   412 ||  2658
